 Dungeon Crawl Stone Soup version 0.30-b1-2-g02819fbbbe (webtiles) character file.

Game seed: 808529309975122104

51647 raph the Impaler (level 14, -14/127 HPs)
             Began as a Minotaur Fighter on June 29, 2023.
             Was the Champion of Zin.
             Killed by divine providence
             ... invoked by Saint Roka
              (15 damage)
             ... on level 1 of the Orcish Mines on June 30, 2023.
             The game lasted 00:28:17 (23637 turns).

raph the Impaler (Minotaur Fighter)                Turns: 23637, Time: 00:28:17

Health: -14/127    AC: 23    Str: 22    XL:     14   Next: 24%
Magic:  20/20      EV: 11    Int:  5    God:    Zin [******]
Gold:   1326       SH:  5    Dex: 14    Spells: 13/13 levels left

rFire   + . .        a - +2 glaive (venom)
rCold   + + .        (shield currently unavailable)
rNeg    + . .        E - +1 plate armour
rPois   .            (helmet restricted)
rElec   .            l - scarf {rC+ rF+}
rCorr   .            K - +2 pair of gloves
SInv    .            J - +2 pair of boots
Will    +....        O - amulet of reflection Stlth
                     k - ring of protection from cold
HPRegen 0.41/turn    o - ring of positive energy
MPRegen 0.17/turn

%: reflection
@: on recite cooldown, studying Poison Magic
A: horns 2, retaliatory headbutt
a: Renounce Religion, Recite, Vitalisation, Imprison, Sanctuary, Donate Gold


You were on level 1 of the Orcish Mines.
You worshipped Zin.
Zin was exalted by your worship.
You visited 4 branches of the dungeon, and saw 18 of its levels.
You also visited: Ossuary.

You collected 1473 gold pieces.
You donated 147 gold pieces to Zin.

Inventory:

Hand Weapons
 a - a +2 glaive of venom (weapon)
 b - the +8 sling of Mourning {freeze, rPois rC++ rN+ Dex-4}
   (You found it on level 4 of the Dungeon)

   Dex:       It affects your dexterity (-4).
   rC:        It greatly protects you from cold.
   rPois:     It protects you from poison.
   rN:        It protects you from negative energy.
 w - a +3 trident
 F - a +1 trident
 M - a +1 halberd
Missiles
 p - a throwing net
 t - 4 boomerangs (quivered)
 Q - 15 poisoned darts
Armour
 c - a +0 buckler
 h - a +0 chain mail
 l - a scarf of resistance (worn)
 E - a +1 plate armour (worn)
 I - a +0 cloak
 J - a +2 pair of boots (worn)
 K - a +2 pair of gloves (worn)
Jewellery
 k - a ring of protection from cold (left hand)
 o - a ring of positive energy (right hand)
 G - a ring of ice
 N - a ring of flight
 O - an amulet of reflection (around neck)
 T - an amulet of the acrobat
 V - an amulet of regeneration
 W - a ring of positive energy
Wands
 s - a wand of digging (6)
 u - a wand of quicksilver (8)
 y - a wand of iceblast (3)
 D - a wand of paralysis (23)
 R - a wand of flame (10)
Scrolls
 g - 5 scrolls of teleportation
 m - a scroll of magic mapping
 q - 2 scrolls of poison
 x - a scroll of brand weapon
 C - a scroll of fog
 H - 2 scrolls of silence
 U - a scroll of identify
Potions
 d - 5 potions of might
 e - 4 potions of flight
 f - 4 potions of magic
 i - 4 potions of invisibility
 j - 7 potions of curing
 n - 3 potions of resistance
 r - 4 potions of brilliance
 v - a potion of haste
 z - 2 potions of ambrosia
 A - a potion of cancellation
 B - 5 potions of mutation
 L - 4 potions of attraction
 S - 2 potions of berserk rage
Miscellaneous
 P - a lightning rod (4/4)


   Skills:
 + Level 12.6 Fighting
 * Level 18.5 Polearms
 + Level 12.5 Armour
 + Level 11.0 Dodging
 - Level 3.6 Shields
 + Level 9.7 Invocations


You had 13 spell levels left.
You didn't know any spells.
Your spell library contained the following spells:

 Spells                   Type           Power      Damage    Failure   Level
 Freeze                   Ice            0%         1d3       99%         1
 Lesser Beckoning         Tloc           0%         N/A       100%        2
 Poisonous Vapours        Pois/Air       0%         N/A       100%        2
 Scorch                   Fire           0%         2d5       100%        2
 Frozen Ramparts          Ice            0%         1d1       100%        3
 Gell's Gravitas          Tloc           0%         N/A       100%        3
 Hailstorm                Conj/Ice       0%         3d3       100%        3
 Inner Flame              Hex/Fire       0%         N/A       100%        3
 Mephitic Cloud           Conj/Pois/Air  0%         N/A       100%        3
 Teleport Other           Tloc           0%         N/A       100%        3
 Flame Wave               Conj/Fire      0%         2d4       100%        4
 Manifold Assault         Tloc           0%         N/A       100%        4
 Freezing Cloud           Conj/Ice/Air   0%         6-21      100%        5
 Yara's Violent Unravell  Hex/Tmut       0%         3d3       100%        5
 Dispersal                Tloc           0%         N/A       100%        6
 Simulacrum               Ice/Necr       0%         N/A       100%        6
 Summon Cactus Giant      Summ           0%         N/A       100%        6
 Enfeeble                 Hex            0%         N/A       100%        7
 Ozocubu's Refrigeration  Ice            0%         4d7       100%        7
 Disjunction              Tloc           0%         N/A       100%        8
 Polar Vortex             Ice            0%         N/A       100%        9


Dungeon Overview and Level Annotations

Branches:
Dungeon (10/15)            Temple (1/1) D:7            Lair (5/5) D:10
  Swamp (0/4) Lair:2       Spider (0/4) Lair:3        Slime (0/5) Lair:4
    Orc (2/2) D:10        Ossuary (visited)
    Elf: Orc:2

Altars:
Ashenzari
Cheibriados
Dithmenos
Fedhas
Gozag
Kikubaaqudgha
Okawaru
Ru
Trog
Uskayaw
Xom
Yredelemnul
Zin
Jiyva
Lugonu

Portals:
Abyss: Lair:5

Annotations:
Lair:2 2 transporters, CommanderKeen's ghost, journeyman DjFE
Lair:4 1 runed translucent door, MisterFreud's ghost, journeyman FeBe
Lair:5 exclusion: 3 oklob plants
Orc:1 Saint Roka


Innate Abilities, Weirdness & Mutations

You have a pair of horns on your head.
You reflexively headbutt those who attack you in melee.


Message History

Saint Roka is moderately wounded.
The warg bites you but does no damage. You block Saint Roka's attack.
You slice the warg!!
The warg is severely wounded.
The warg bites you but does no damage.
You slash the warg! Your headbutt misses the warg.
The warg is almost dead.
Saint Roka mumbles some strange prayers to Beogh against you.
Beogh smites you! The warg barely misses you.
You hit Saint Roka.
Saint Roka looks as sick as possible!
Saint Roka is heavily wounded.
The warg bites you but does no damage. Saint Roka hits you but does no damage.
You slash Saint Roka!
Saint Roka looks as sick as possible!
Your headbutt misses Saint Roka.
Saint Roka is heavily wounded.
The warg bites you but does no damage.
Saint Roka hits you with a +3 long sword of holy wrath.
You hit Saint Roka.
Saint Roka looks as sick as possible!
You headbutt Saint Roka, but do no damage.
Saint Roka is heavily wounded.
The warg bites you but does no damage.
You slice Saint Roka!!
Saint Roka looks as sick as possible!
Saint Roka is severely wounded.
Saint Roka hits you with a +3 long sword of holy wrath!
The warg bites you but does no damage.
You slash Saint Roka!
Saint Roka is severely wounded.
The warg bites you!
* * * LOW HITPOINT WARNING * * *
Saint Roka completely misses you.
You slash the warg!
You kill the warg!
Saint Roka hits you with a +3 long sword of holy wrath!!
* * * LOW HITPOINT WARNING * * *
You slash Saint Roka!
Saint Roka looks as sick as possible!
You headbutt Saint Roka.
Saint Roka is almost dead.
Saint Roka mumbles some strange prayers to Beogh against you.
Beogh smites you!
You die...

#..............##.#####
##.##........#.###.#..##
#####.#........#......#
#..........###[#..##
##.##.....#.#[[##.###
#...................##
##...................#
#.....[.o...#...##.##
####....[@....##......#
##.#.#.##[[....##..##.##
#..................####
#............#.#..####
##....#............#..##
#....#.................#
##.##..........##.#...##
####..........###.....#
##........## ##...##


You could see Saint Roka (extremely poisoned).

Vanquished Creatures
  A hydra (Lair:3)
  2 anacondas (shapeshifter) (Lair:5)
  Erica (D:9)
  A two-headed ogre (D:10)
  A boulder beetle (Lair:5)
  A catoblepas (Lair:5)
  6 death yaks
  4 thrashing horrors (Lair:5)
  Amaemon (Lair:1)
  4 skysharks
  2 ugly things (Lair:5)
  A cyclops (Orc:1)
  7 black mambas
  Joseph (D:8)
  6 elephants (Lair:1)
  2 smoke demons (Lair:5)
  An orange demon (Lair:1)
  7 komodo dragons
  10 cane toads
  2 rime drakes
  An ancient zyme (Lair:5)
  A hornet (D:8)
  Prince Ribbit (D:9)
  3 polar bears
  33 blink frogs
  A polar bear (shapeshifter) (Lair:5)
  4 jumping spiders (Lair:3)
  2 ynoxinuls (Lair:5)
  3 culicivoras (Lair:3)
  36 yaks
  4 spriggans
  6 wyverns
  2 steam dragons
  A chaos spawn (Lair:5)
  9 small abominations (Lair:5)
  A redback (Lair:3)
  6 basilisks
  2 wargs
  14 water moccasins
  10 orc warriors
  5 ice beasts
  3 black bears
  4 sky beasts
  11 wolves
  2 ogres
  6 centaurs
  Blork the orc (D:5)
  3 scorpions
  11 bullfrogs
  3 gnoll sergeants
  15 wights
  5 electric eels
  6 howler monkeys
  12 jellies
  10 orc priests
  A gnoll bouda (D:8)
  5 hounds
  A sleepcap (D:5)
  Jessica (D:3)
  4 iguanas
  17 orc wizards
  2 hound zombies (D:4)
  14 mummies
  A howler monkey zombie (D:4)
  21 gnolls
  11 adders
  3 white imps
  An ufetubus (D:6)
  An adder zombie (D:4)
  2 dart slugs
  55 orcs
  8 endoplasms
  4 giant cockroaches
  8 goblins
  5 hobgoblins
  9 jackals
  4 quokkas
  5 ball pythons
  5 bats
  6 frilled lizards
  3 gnoll skeletons (Ossuary)
  A goblin skeleton (Ossuary)
  4 kobolds
  2 kobold skeletons (Ossuary)
  2 orc skeletons (Ossuary)
  A quokka zombie (D:4)
  4 rats
  11 rat skeletons (Ossuary)
520 creatures vanquished.

Vanquished Creatures (others)
  A human (D:6)
  28 fungi
  29 plants
58 creatures vanquished.

Grand Total: 578 creatures vanquished

Notes
Turn   | Place    | Note
-------+----------+-------------------------------------------
     0 | D:1      | raph the Minotaur Fighter began the quest for the Orb.
     0 | D:1      | Reached XP level 1. HP: 19/19 MP: 0/0
    41 | D:1      | Reached skill level 3 in Polearms
   125 | D:1      | Reached XP level 2. HP: 26/26 MP: 1/1
   310 | D:1      | Reached skill level 4 in Polearms
   734 | D:1      | Reached XP level 3. HP: 31/31 MP: 2/2
  1172 | D:2      | Identified the +1 leather armour of Houras {rC+++ rCorr
                  | Str-3 Int+2}
  1252 | D:2      | Reached skill level 5 in Polearms
  1351 | D:2      | Found a faded altar of an unknown god.
  1662 | D:3      | Reached XP level 4. HP: 26/39 MP: 3/3
  1762 | D:3      | Reached skill level 6 in Polearms
  2149 | D:3      | Noticed Jessica
  2159 | D:3      | Killed Jessica
  2160 | D:3      | Reached XP level 5. HP: 38/45 MP: 4/4
  2289 | D:3      | Found a shadowy altar of Dithmenos.
  2289 | D:3      | Found a bloodstained altar of Trog.
  2908 | D:4      | Identified the +8 sling of Mourning {freeze, rPois rC++ rN+
                  | Dex-4}
  2977 | D:4      | Reached skill level 7 in Polearms
  3263 | D:4      | Found a basalt altar of Yredelemnul.
  3267 | D:4      | Reached XP level 6. HP: 51/51 MP: 5/5
  3336 | D:4      | Identified the +7 whip of the Moon {venom, rCorr}
  3378 | D:4      | Found a sand-covered staircase.
  3388 | Ossuary  | Entered an ossuary
  3400 | Ossuary  | Reached skill level 8 in Polearms
  3812 | Ossuary  | Reached skill level 9 in Polearms
  3972 | D:4      | Reached XP level 7. HP: 30/57 MP: 6/6
  4191 | D:5      | Entered Level 5 of the Dungeon
  4305 | D:5      | Reached skill level 10 in Polearms
  4306 | D:5      | Noticed Blork the orc
  4447 | D:5      | Killed Blork the orc
  4551 | D:5      | Reached skill level 1 in Dodging
  4751 | D:5      | Found a hide-covered altar of Uskayaw.
  5034 | D:6      | Reached XP level 8. HP: 67/67 MP: 7/7
  5057 | D:6      | Noticed an angel
  5062 | D:6      | Found a glowing silver altar of Zin.
  5066 | D:6      | Found a shimmering altar of Xom.
  5068 | D:6      | Became a worshipper of Zin the Law-Giver
  5068 | D:6      | Reached * piety under Zin
  5142 | D:6      | Reached ** piety under Zin
  5161 | D:6      | Reached skill level 5 in Fighting
  5161 | D:6      | Reached skill level 5 in Armour
  5446 | D:6      | Found an ancient bone altar of Kikubaaqudgha.
  5719 | D:6      | Found an iron altar of Okawaru.
  5722 | D:6      | Found a blossoming altar of Fedhas.
  5842 | D:6      | Found a snail-covered altar of Cheibriados.
  5855 | D:6      | Reached skill level 11 in Polearms
  5855 | D:6      | Reached skill level 1 in Invocations
  6299 | D:6      | Reached XP level 9. HP: 50/75 MP: 9/9
  6582 | D:7      | Reached *** piety under Zin
  6728 | D:7      | Found a bloodstained altar of Trog.
  6788 | D:7      | Found a staircase to the Ecumenical Temple.
  6860 | D:7      | Reached **** piety under Zin
  6877 | D:7      | Reached skill level 5 in Dodging
  6897 | Temple   | Entered the Ecumenical Temple
  7403 | D:8      | Noticed Joseph
  7414 | D:8      | Killed Joseph
  7415 | D:8      | Reached skill level 12 in Polearms
  7516 | D:8      | Paralysed by a hornet for 3 turns
  7523 | D:8      | Reached XP level 10. HP: 27/86 MP: 9/12
  8067 | D:8      | Found a sacrificial altar of Ru.
  8339 | D:8      | Identified the +4 whip "Nudeqam" {vamp, MP+9 Int+2 Stlth-}
  8494 | D:9      | Noticed Prince Ribbit
  8509 | D:9      | HP: 4/88 [orc priest/divine providence (10)]
  8842 | D:9      | Reached skill level 13 in Polearms
  8842 | D:9      | Reached skill level 5 in Invocations
  9015 | D:9      | Noticed Erica
  9033 | D:10     | Entered Level 10 of the Dungeon
  9235 | D:9      | Killed Erica
  9279 | D:9      | Killed Prince Ribbit
  9910 | D:10     | Noticed a two-headed ogre
  9942 | D:10     | Reached XP level 11. HP: 46/95 MP: 14/14
 10443 | D:10     | Found a staircase to the Lair.
 10474 | D:10     | Killed a two-headed ogre
 10687 | D:10     | Found a staircase to the Orcish Mines.
 10708 | D:10     | Reached skill level 14 in Polearms
 10714 | D:10     | Reached ***** piety under Zin
 11179 | Lair:1   | Entered Level 1 of the Lair of Beasts
 11183 | Lair:1   | Noticed Amaemon
 11197 | Lair:1   | Killed Amaemon
 11765 | Lair:1   | HP: 3/97 [elephant (8)]
 12251 | Lair:1   | Reached skill level 15 in Polearms
 12294 | Lair:1   | Found the +8 whip "Snakebite" {venom, curare, rPois}
 12411 | Lair:1   | Reached XP level 12. HP: 88/106 MP: 16/16
 12650 | Lair:1   | Reached skill level 10 in Fighting
 12670 | Lair:1   | HP: 4/106 [blink frog (12)]
 12672 | Lair:1   | Reached skill level 10 in Armour
 13106 | Lair:2   | Found a staircase to the Swamp.
 13114 | Lair:2   | HP: 2/106 [electric eel/bolt of electricity (7)]
 15262 | Lair:2   | Reached skill level 16 in Polearms
 15591 | Lair:2   | Found a transporter.
 15612 | Lair:2   | Found a transporter.
 15626 | Lair:2   | Noticed CommanderKeen's ghost (journeyman DjFE)
 16017 | Lair:3   | Found a hole to the Spider Nest.
 16598 | Lair:3   | Noticed a seven-headed hydra
 16609 | Lair:3   | Killed a seven-headed hydra
 17034 | Lair:3   | Reached XP level 13. HP: 65/116 MP: 18/18
 17442 | Lair:4   | Identified the +1 leather armour of the Cricket {rC+}
 17596 | Lair:4   | Found a staircase to the Slime Pits.
 17596 | Lair:4   | Found a viscous altar of Jiyva.
 17940 | Lair:4   | Found a runed translucent door.
 17941 | Lair:4   | Noticed MisterFreud's ghost (journeyman FeBe)
 18255 | Lair:5   | Entered Level 5 of the Lair of Beasts
 18824 | Lair:3   | Reached skill level 17 in Polearms
 19431 | Lair:5   | Reached skill level 10 in Dodging
 20793 | Lair:5   | Reached skill level 18 in Polearms
 21355 | Lair:5   | Reached XP level 14. HP: 124/127 MP: 20/20
 21648 | Lair:5   | Found a corrupted altar of Lugonu.
 21648 | Lair:5   | Found a one-way gate to the infinite horrors of the Abyss.
 22220 | Orc:1    | Entered Level 1 of the Orcish Mines
 22633 | Orc:1    | Reached ****** piety under Zin
 22949 | Orc:2    | Entered Level 2 of the Orcish Mines
 22983 | Orc:2    | Noticed Saint Roka
 23636 | Orc:1    | HP: 1/127 [Saint Roka/+3 long sword of holy wrath (32)]
 23637 | Orc:1    | Killed from afar by Saint Roka

Illustrated notes

Levels and vault maps discovered:
D:1:      shiori_shiawase, layout_loops_ring, minmay_misc_feat_square
D:2:      layout_loops_ring, nicolae_ecumenical_snake_handling,
          grunt_ministairs_15, corexii_leaking_fountain,
          minmay_randomly_rotated_circles
D:3:      layout_loops_corners, nicolae_overflow_two_pavilions, uniq_jessica
D:4:      layout_basic, nicolae_yredelemnul_corpse_copse,
          lightli_ossuary_entry_decrepit_ruins
D:5:      layout_rooms, eat_drink_and_be_merry_uskayaw, uniq_blork_the_orc
D:6:      minmay_chambers_of_threes, layout_cave_pods, nicolae_overflow_squiral,
          tgw_kikubaaqudgha, grunt_temple_overflow_order_and_chaos_1,
          slow_altar_1, minmay_manual_mares
D:7:      layout_rooms, minmay_temple_entry_arrows, minmay_ruined_shrine
D:8:      layout_loops_cross, mainiacjoe_overflow_brackets, uniq_joseph
D:9:      layout_rooms, grunt_ministairs_9, uniq_erica, uniq_prince_ribbit1
D:10:     layout_loops_ring, hellmonk_lair_entry_icy, david_orc_2
Temple:   nicolae_temple_bog_church
Lair:1:   minmay_guarded_unrand_snakebite, layout_long_grid,
          serial_bayou_shore_b, serial_bayou_shore_b, uniq_amaemon
Lair:2:   layout_small_grid, minmay_swamp_entry_eels,
          gammafunk_ghost_berserking_beasts, lemuel_fruit_tree,
          infiniplex_staircase_pool_2
Lair:3:   layout_roguey, nicolae_spider_entry_tight_spaces,
          serial_bayou_crossing
Lair:4:   layout_small_grid, minmay_slime_entry_jelly_boxes,
          ebering_ghost_inner_flame, forest_entry_grove
Lair:5:   hellmonk_lair_end_abyssal_woods, layout_gridlike, dpeg_oklob_1
Orc:1:    layout_caves
Orc:2:    st_orc_mages, layout_diamond_mine, serial_shops, shop,
          gammafunk_ghost_grave, uniq_saint_roka, uniq_josephine

Skill      XL: |  1  2  3  4  5  6  7  8  9 10 11 12 13 14 |
---------------+-------------------------------------------+-----
Polearms       | 3 4 5 6 7 9 10 11 12 13 15 16 18 | 18.5
Fighting       | 4 5 7 8 9 11 12 | 12.6
Armour         | 4 5 7 8 9 11 12 | 12.5
Dodging        | 1 3 5 6 8 9 10 11 | 11.0
Invocations    | 2 4 5 7 8 9 |  9.7
Shields        | |  3.6

Action                     |  1- 3 |  4- 6 |  7- 9 | 10-12 | 13-15 || total
---------------------------+-------+-------+-------+-------+-------++-------
  Melee: Trident           |   112 |   208 |       |     6 |       ||   326
         Headbutt          |     8 |    30 |    40 |   129 |    97 ||   304
         Halberd           |       |       |   222 |       |       ||   222
         Glaive            |       |       |    20 |   654 |   458 ||  1132
  Throw: Boomerang         |       |       |     3 |    47 |       ||    50
 Invoke: Recite            |       |       |     5 |    10 |     5 ||    20
         Vitalisation      |       |       |     1 |     3 |     2 ||     6
  Evoke: Wand              |       |       |       |     1 |     1 ||     2
    Use: Scroll            |       |    11 |     9 |    12 |     4 ||    36
         Potion            |       |       |       |     8 |     1 ||     9
   Stab: Confused          |       |       |     1 |     1 |       ||     2
         Distracted        |       |       |       |       |     2 ||     2
         Paralysed         |       |       |       |       |     4 ||     4
 Armour: Scale mail        |    16 |       |       |       |       ||    16
         Chain mail        |    29 |    51 |    99 |    10 |       ||   189
         Plate armour      |       |       |       |   303 |   258 ||   561
  Dodge: Dodged            |    30 |    35 |    95 |   213 |   198 ||   571
  Block: Buckler           |    16 |    24 |       |       |       ||    40
         Other             |       |       |       |    95 |   114 ||   209
         Reflection        |       |       |       |     2 |       ||     2
